 Dungeon Crawl Stone Soup version 0.19.5 (webtiles) character file.

11 Gargoyl the Skirmisher (level 2, -4/26 HPs)
             Began as a Ghoul Abyssal Knight on Mar 2, 2017.
             Was a Follower of Lugonu.
             Slain by a gnoll (5 damage)
             ... on level 2 of the Dungeon.
             The game lasted 00:01:30 (338 turns).

Gargoyl the Skirmisher (Ghoul Abyssal Knight)        Turns: 338, Time: 00:01:31

Health: -4/26      AC:  5    Str: 15    XL:     2   Next: 25%
Magic:  2/2        EV: 10    Int:  7    God:    Lugonu [*.....]
Gold:   96         SH:  0    Dex:  8    Spells: 0 memorised, 1 level left

rFire  . . .     SeeInvis .     a - +1 hand axe
rCold  + . .     Gourm    .     g - +0 ring mail
rNeg   + + +     Faith    .     (no shield)
rPois  ∞         Spirit   .     (no helmet)
rElec  .         Reflect  .     (no cloak)
rCorr  .         Harm     .     (no gloves)
MR     .....                    (no boots)
Stlth  ..........               (no amulet)
                                (no ring)
                                (no ring)

@: rotting
A: rotting body, claws 1, carnivore 3, cold resistance 1, negative energy
resistance 3, slow regeneration 1, torment resistance, unbreathing
a: Depart the Abyss, Renounce Religion


You were on level 2 of the Dungeon.
You worshipped Lugonu.
Lugonu was aware of your devotion.
You were not hungry.

You visited 1 branch of the dungeon, and saw 2 of its levels.
You visited the Abyss 1 time.

You collected 96 gold pieces.

Inventory:

Hand Weapons
 a - a +1 hand axe (weapon)
 d - a +2 arbalest of flaming
Armour
 g - a +0 ring mail (worn)
Potions
 b - a potion of lignification {unknown}
 e - a potion of flight {unknown}
Comestibles
 c - a meat ration
 f - 4 chunks of flesh


   Skills:
 + Level 3.5 Fighting
 + Level 1.9 Axes
 * Level 2.0 Armour
 + Level 1.1 Dodging
 * Level 2.0 Invocations


You had one spell level left.
You didn't know any spells.

Dungeon Overview and Level Annotations

Branches:
Dungeon (1/15)

Altars:


Innate Abilities, Weirdness & Mutations

Your body is rotting away.
You thrive on raw meat.
You are immune to poison.
You have sharp fingernails.
You are carnivorous and can eat meat at any time.
Your flesh is cold resistant. (rC+)
You are immune to negative energy. (rN+++)
You regenerate slowly when monsters are visible.
You are immune to unholy pain and torment.
You can survive without breathing.


Message History

The gnoll barely misses you.
The gnoll splashes around in the water.
You hit the gnoll.
The gnoll is moderately wounded.
You hit the plant.
The gnoll splashes around in the water. x2
You hit the gnoll but do no damage.
The gnoll is moderately wounded.
You hit the plant but do no damage. The gnoll hits you.
* * * LOW HITPOINT WARNING * * *
The gnoll splashes around in the water.
You barely miss the gnoll.
The gnoll is moderately wounded.
You hit the plant but do no damage. The gnoll hits you.
* * * LOW HITPOINT WARNING * * *
The gnoll hits the plant but does no damage.
You enter the shallow water.
Moving in this stuff is going to be slow.
The gnoll hits you.
* * * LOW HITPOINT WARNING * * *
The gnoll barely misses you. The gnoll hits you.
You die...

###### ###########....#
............♣P.♣
########.###♣♣≈♣ #.#
♣≈♣ # #.# ♣♣≈♣♣ #
#♣♣♣♣♣.≈P♣♣ #
##.PP♣P≈.gP♣♣♣♣## ##
#..≈≈≈≈≈..@gg≈..# .#
#.♣≈♣♣♣≈≈≈♣♣≈≈♣.#
.######.♣♣♣ ♣♣≈♣♣♣♣♣♣.#
..........♣ ♣≈.♣ ##g#
.#######..# ♣P≈♣♣ #..#
.# #..# ♣≈≈≈♣ #.## .#
#####..##♣≈)♣♣###g#
.............[........#
.#.##.###############g#


You could see 3 gnolls.

Vanquished Creatures
  3 bats (D:1)
  A giant cockroach (D:1)
  2 goblins (D:1)
  2 hobgoblins (D:2)
  A kobold (D:2)
9 creatures vanquished.

Notes
Turn   | Place    | Note
-------+----------+-------------------------------------------
     0 | Abyss:1  | Gargoyl the Ghoul Abyssal Knight began the quest for the Orb.
     0 | Abyss:1  | Reached XP level 1. HP: 19/19 MP: 1/1
    31 | Abyss:2  | Noticed a small abomination
    70 | Abyss:3  | Noticed a small abomination
    72 | Abyss:3  | Noticed a large abomination
    74 | D:1      | Escaped the Abyss
   140 | D:1      | Reached skill level 1 in Dodging
   206 | D:1      | Reached XP level 2. HP: 26/26 MP: 2/2
   211 | D:1      | You fall through a shaft!
   263 | D:2      | Reached * piety under Lugonu
   338 | D:2      | HP: 1/26 [gnoll (3)]
   338 | D:2      | Slain by a gnoll

Skill      XL: |  1 |
---------------+----+-----
Dodging        | 1 |  1.1
Armour         | 2 |  2.0
Fighting       | |  3.5
Axes           | |  1.9
Invocations    | |  2.0

Action                   || total
-------------------------++-------
Melee: Hand axe          ||    33
Invok: Depart the Abyss  ||     1
  Eat: Chunk             ||     3
Armor: Leather armour    ||    20
       Ring mail         ||     2
Dodge: Dodged            ||    27
